 Dungeon Crawl Stone Soup version 0.31.0-12-g77e489cdc1 (webtiles) character file.

Game seed: 7698440831993694060

106045 James the Hermetic (level 15, -4/138 HPs)
             Began as a Green Draconian Alchemist on Mar 2, 2024.
             Was a High Priest of Vehumet.
             Killed from afar by Azrael (36 damage)
             ... with damnation
             ... on level 1 of the Orcish Mines.
             The game lasted 02:08:26 (31057 turns).

James the Hermetic (Green Draconian Alchemist)     Turns: 31057, Time: 02:08:27

Health: -4/138     AC: 12    Str: 16    XL:     15   Next: 96%
Magic:  25/31      EV: 12    Int: 30    God:    Vehumet [*****.]
Gold:   2143       SH: 17    Dex: 11    Spells: 4/38 levels left

rFire   + . .        K - +0 demon trident (pain)
rCold   . . .        H - +5 Storm Queen's Shield {shock, Fly rElec}
rNeg    . . .        (body armour unavailable)
rPois   +            R - +0 hat
rElec   +            G - +0 cloak
rCorr   .            m - +1 pair of gloves
SInv    .            (no boots)
Will    +....        e - amulet of magic regeneration
Stlth   ++           r - +6 ring of intelligence
HPRegen 0.43/turn    i - ring "Docoge" {rElec rF+ Str+6}
MPRegen 0.62/turn

%: no passive effects
@: spewing sludge, flying
A: breathe noxious fumes, AC +9, unfitting armour, stinger 1, poison resistance,
cold-blooded
a: Breathe Noxious Fumes, Renounce Religion


You were on level 1 of the Orcish Mines.
You worshipped Vehumet.
Vehumet was extremely pleased with you.
You visited 3 branches of the dungeon, and saw 19 of its levels.
You also visited: Bailey, Ice Cave and Volcano.

You collected 2690 gold pieces.
You spent 547 gold pieces at shops.

Inventory:

Hand Weapons
 a - a +5 dagger of holy wrath
   (You took it off a goblin on level 2 of the Dungeon)
 b - a +2 morningstar
   (You took it off a wight on level 6 of the Dungeon)
 q - a +5 sling of freezing
   (You found it on level 9 of the Dungeon)
 E - a +3 trident of draining
   (You took it off Jeremiah on level 7 of the Dungeon)
 K - a +0 demon trident of pain (weapon)
   (You found it on level 3 of the Lair of Beasts)
Missiles
 d - 10 curare-tipped darts {!f}
 F - 16 boomerangs
 I - 3 throwing nets {!f}
Armour
 m - a +1 pair of gloves (worn)
   (You found it on level 2 of the Dungeon)
 G - a +0 cloak (worn)
   (You took it off Crazy Yiuf on level 3 of the Dungeon)
 H - the +5 Storm Queen's Shield (worn) {shock, Fly rElec}
   (You bought it in a shop on level 7 of the Dungeon)

   Shock:     When it blocks an attack, it may electrocute the attacker.
   This works even against foes who are a short distance away.
   rElec:     It insulates you from electricity.
   Fly:       It grants you flight.
 R - a +0 hat (worn)
   (You took it off Gastronok on level 8 of the Dungeon)
Magical Staves
 s - a staff of cold
   (You found it on level 3 of the Dungeon)
 x - a staff of air
   (You found it on level 4 of the Lair of Beasts)
 U - a staff of fire
   (You found it in a bailey)
Jewellery
 e - an amulet of magic regeneration (around neck)
   (You found it on level 6 of the Dungeon)
 i - the ring "Docoge" (right hand) {rElec rF+ Str+6}
   (You found it in an ice cave)

   [ring of strength]

   Str+6:     It affects your strength (+6).
   rF+:       It protects you from fire.
   rElec:     It insulates you from electricity.
 o - a ring of protection from cold
   (You found it on level 4 of the Dungeon)
 r - a +6 ring of intelligence (left hand)
   (You found it on level 2 of the Lair of Beasts)
 A - a ring of resist corrosion
   (You took it off a necromancer on level 5 of the Lair of Beasts)
 P - a +6 ring of dexterity
   (You found it on level 7 of the Dungeon)
 S - a +5 ring of evasion
   (You found it on level 1 of the Lair of Beasts)
Wands
 t - a wand of flame (8)
   (You took it off Maurice on level 12 of the Dungeon)
 u - a wand of paralysis (5)
   (You found it on level 9 of the Dungeon)
 J - a wand of light (4)
   (You took it off Sonja on level 12 of the Dungeon)
 W - a wand of roots (2)
   (You took it off an orc priest on level 11 of the Dungeon)
 Y - a wand of polymorph (5)
   (You found it on level 8 of the Dungeon)
Scrolls
 g - 4 scrolls of fear
 h - a scroll of amnesia
 j - 6 scrolls of teleportation {@r4}
 n - a scroll of blinking
 p - 2 scrolls of immolation {!r}
 v - 4 scrolls of enchant weapon
 C - a scroll of acquirement
 D - 3 scrolls of fog
 N - a scroll of brand weapon
 Q - a scroll of enchant armour
Potions
 c - a potion of cancellation
 f - 3 potions of magic
 k - 8 potions of might
 l - 7 potions of curing {@q1}
 w - 3 potions of heal wounds {@q2}
 z - 4 potions of brilliance
 B - 6 potions of resistance
 M - 4 potions of haste {@q3}
 T - 4 potions of invisibility
 V - 6 potions of enlightenment
 X - a potion of lignification {!q}
Miscellaneous
 y - a phial of floods
   (You found it in an ice cave)


   Skills:
 - Level 14.0 Fighting
 - Level 4.0 Dodging
 - Level 2.0 Stealth
 - Level 13.0 Shields
 - Level 12.0 Spellcasting
 - Level 5.0 Conjurations
 - Level 5.0 Translocations
 + Level 9.0 Fire Magic
 + Level 8.4 Air Magic
 - Level 15.0 Alchemy


You had 4 spell levels left.
You knew the following spells:

 Your Spells              Type           Power      Damage    Failure   Level
a - Alistair's Intoxicat  Alch           54%        N/A       1%          5
b - Mercury Vapours       Alch/Air       100%       N/A       1%          2
c - Eringya's Noxious Bo  Alch           41%        4d6       1%          6
d - Plasma Beam           Fire/Air       31%        2x1d44    6%          6
f - Mephitic Cloud        Conj/Alch/Air  66%        N/A       1%          3
q - Sticky Flame          Fire/Alch      74%        2d12      1%          4
x - Iskenderun's Mystic   Conj/Tloc      48%        2d11      1%          4
y - Olgreb's Toxic Radia  Alch           82%        N/A       1%          4

Your spell library contained the following spells:

 Spells                   Type           Power      Damage    Failure   Level
 Iskenderun's Battlesphe  Conj           48%        2d10      5%          5
 Apportation              Tloc           96%        N/A       1%          1
 Kiss of Death            Conj/Necr      100%       2d13      1%          1
 Magic Dart               Conj           100%       1d8       1%          1
 Sting                    Conj/Alch      100%       1d9       1%          1
 Lesser Beckoning         Tloc           96%        N/A       1%          2
 Searing Ray              Conj           96%        2d7       1%          2
 Gell's Gravitas          Tloc           48%        N/A       1%          3
 Hailstorm                Conj/Ice       33%        3d8       1%          3
 Teleport Other           Tloc           48%        N/A       1%          3
 Fulminant Prism          Conj/Alch      33%        3d15      1%          4
 Necrotise                Necr           72%        1d7       5%          1
 Summon Small Mammal      Summ           72%        N/A       5%          1
 Ensorcelled Hibernation  Hex/Ice        36%        N/A       8%          2
 Jinxbite                 Hex            36%        N/A       8%          2
 Confusing Touch          Hex            18%        N/A       16%         3
 Fugue of the Fallen      Necr           18%        N/A       16%         3
 Summon Ice Beast         Ice/Summ       18%        N/A       16%         3
 Anguish                  Hex/Necr       9%         N/A       45%         4
 Dispel Undead            Necr           18%        3d11      45%         4
 Sculpt Simulacrum        Ice/Alch       29%        N/A       36%         6
 Summon Mana Viper        Hex/Summ       18%        N/A       82%         5
 Monstrous Menagerie      Summ           9%         N/A       100%        7
 Summon Hydra             Summ           9%         N/A       100%        7
 Dragon's Call            Summ           9%         N/A       100%        9


Dungeon Overview and Level Annotations

Branches:
Dungeon (12/15)            Temple (0/1) D:5            Lair (5/5) D:9
  Swamp (0/4) Lair:3        Snake (0/4) Lair:3        Slime (0/5) Lair:5
    Orc (2/2) D:10            Elf (0/3) Orc:2        Bailey (visited)
  IceCv (visited)         Volcano (visited)

Altars:
Dithmenos
Elyvilon
Kikubaaqudgha
Makhleb
Okawaru
Qazlal
Sif Muna
Trog
Uskayaw
Vehumet
Wu Jian
Yredelemnul
Zin
The Shining One
Jiyva

Shops:
D:7 [*   D:9 [   D:11 (   Orc:2 (*

Annotations:
Lair:2 3 runed translucent doors, Peloso's ghost, journeyman MiFi
Lair:5 exclusion: obsidian statue
Orc:1 Azrael


Innate Abilities, Weirdness & Mutations

You can breathe blasts of noxious fumes.
Your lurid green scales are hard. (AC +9)
You cannot fit into any form of body armour.
Your tail ends in a venomous barb.
Your system is resistant to poisons. (rPois)
You are cold-blooded and may be slowed by cold attacks.


Message History

Azrael hits you with a +0 scimitar of flaming!
Azrael burns you.
You hit Azrael but do no damage. You block Azrael's attack.
Your shield discharges, shocking Azrael!
You hit Azrael but do no damage. Azrael gestures at you.
The bolt of fire hits you! You resist.
Press: ? - help, v - describe, . - travel
Here: Azrael, wielding a +0 scimitar of flaming (moderately wounded)
The floor.
Unknown command.
Okay, then.
Unknown command.
Okay, then.
Press: ? - help, v - describe, . - travel
Here: Azrael, wielding a +0 scimitar of flaming (moderately wounded)
The floor.
Okay, then.
Unknown command.
Your +5 dagger of holy wrath stops glowing.
You have a feeling of ineptitude.
K - a +0 demon trident of pain (weapon)
Azrael gestures at you.
The fireball explodes!
The fireball engulfs you! You resist.
* * * LOW HITPOINT WARNING * * *
The fireball engulfs Azrael.
Azrael completely resists.
You hit Azrael. You tail-slap Azrael, but do no damage.
You block Azrael's attack.
Okay, then.
You puncture Azrael! Azrael closely misses you. You block Azrael's attack.
You hit Azrael.
Your tail-slap misses Azrael.
Azrael gestures at you.
The sphere of damnation explodes!
The damnation engulfs you!!!
* * * LOW HITPOINT WARNING * * *
The damnation engulfs Azrael.
Azrael completely resists.
You feel much better.
Azrael hits you with a +0 scimitar of flaming!
* * * LOW HITPOINT WARNING * * *
Azrael burns you.
* * * LOW HITPOINT WARNING * * *
Press: ? - help, Dir - look around, f - activate You spew toxic sludge!
Azrael screams, "Burn!
Burn!
All of it must BURN!"
You block Azrael's attack.
Unknown command.
You hit Azrael but do no damage. You block Azrael's attack. x2
You completely miss Azrael. You tail-slap Azrael, but do no damage.
Azrael gestures at you.
The sphere of damnation explodes!
The damnation engulfs you!!!
You die...

..#..)........#..##
.)...###.....##...###
#.....##......#.....#
#....###.....####^..####
#...........~.##...###.##
............~~.....####.#
............~~~~~###....###
..##.....#.#.~~~~.##......##
.###.....###.~~~@~.#.......##
## ##...##
##..~~R~..##.....## #...#
###.~~~~###......## ##.##
#.~~~..####.....# ###
###..~~####......#
###..##...........##
#...###.........###
###....###.........##
#.......###.........#


You could see Azrael.

Vanquished Creatures
  Gastronok (D:8)
  A reaper (IceCv)
  An orc warlord (Bailey)
  An eleionoma (Lair:3)
  A red draconian (Volcano)
  3 dire elephants (Lair:5)
  Snorg (D:12)
  3 ettins (Orc:2)
  Fannar (D:11)
  5 hydras
  An ogre mage (Volcano)
  A catoblepas (Lair:1)
  3 boulder beetles (Lair:4)
  6 death yaks
  8 two-headed ogres
  Sonja (D:12)
  2 skysharks
  A spectral death yak (Lair:5)
  Lodul (D:11)
  A spectral anaconda (Lair:5)
  7 orc knights
  4 necromancers (Lair:5)
  A lindwurm (Lair:1)
  2 orc sorcerers (Orc:1)
  An oklob plant (Lair:5)
  An ugly thing (D:12)
  Maurice (D:12)
  2 manticores
  6 cyclopes (Orc:2)
  2 kobold blastminers (Orc:2)
  3 black mambas
  28 elephants
  An ice statue (IceCv)
  A gargoyle (D:11)
  18 cane toads
  A molten gargoyle (Volcano)
  2 unseen horrors
  3 kobold demonologists
  3 rime drakes (Lair:1)
  Jeremiah (D:7)
  11 komodo dragons
  2 anaconda simulacra (IceCv)
  2 ice devils (Lair:2)
  5 trolls
  A hornet (Lair:3)
  3 polar bears
  17 blink frogs
  8 dream sheep
  4 dire elephant simulacra (IceCv)
  16 wyverns
  A vampire (D:12)
  2 shadows
  2 wraiths
  2 centaur simulacra (D:10)
  5 wargs
  70 yaks
  A fire elemental (Orc:1)
  8 basilisks
  7 fire bats
  A death yak simulacrum (IceCv)
  Menkaure (D:7)
  A naga (Lair:3)
  3 acid dragons
  A harpy simulacrum (IceCv)
  3 hell hounds (Orc:2)
  15 water moccasins
  Duvessa (D:5)
  4 ice beasts
  25 orc warriors
  A sky beast (D:8)
  2 black bears
  12 ogres
  An elephant skeleton (Lair:5)
  8 centaurs
  12 wolves
  A phantom (D:5)
  2 kobold brigands
  9 bullfrogs
  A gnoll sergeant (D:6)
  2 scorpions (D:5)
  A cane toad simulacrum (Lair:5)
  6 two-headed ogre simulacra (IceCv)
  Dowan (D:5)
  5 wights (D:6)
  17 jellies
  4 killer bees (D:10)
  An electric eel (Lair:3)
  8 howler monkeys
  3 elephant simulacra (IceCv)
  5 lava snakes (Volcano)
  Crazy Yiuf (D:3)
  2 bombardier beetles (D:5)
  A gnoll bouda (D:5)
  2 hounds (D:5)
  13 orc priests
  3 iguanas
  2 sleepcaps (D:5)
  Terence (D:3)
  2 polar bear simulacra (IceCv)
  10 troll simulacra (IceCv)
  19 orc wizards
  6 spriggan simulacra (IceCv)
  A statue (D:3)
  2 wolf simulacra (IceCv)
  Robin (D:3)
  8 adders
  12 gnolls
  6 naga simulacra (IceCv)
  3 shadow imps
  7 white imps
  A howler monkey simulacrum (D:10)
  6 ufetubi
  4 ribbon worms
  A dart slug (D:1)
  68 orcs
  4 bats
  8 endoplasms
  6 giant cockroaches
  32 goblins
  20 hobgoblins
  6 jackals
  A quokka (D:2)
  4 ball pythons
  11 frilled lizards
  17 kobolds
  5 rats
751 creatures vanquished.

Notes
Turn   | Place    | Note
-------+----------+-------------------------------------------
     0 | D:1      | James the Draconian Alchemist began the quest for the Orb.
     0 | D:1      | Reached XP level 1. HP: 14/14 MP: 3/3
   238 | D:1      | Reached XP level 2. HP: 20/20 MP: 2/5
   241 | D:1      | Learned a level 2 spell: Mercury Vapours
   976 | D:2      | Reached skill level 1 in Air Magic
  1055 | D:2      | Reached XP level 3. HP: 26/26 MP: 1/7
  1322 | D:2      | Found a hide-covered altar of Uskayaw.
  1656 | D:2      | Reached skill level 4 in Alchemy
  1701 | D:2      | Reached XP level 4. HP: 33/33 MP: 6/8
  1973 | D:2      | Reached skill level 1 in Fighting
  2252 | D:2      | Learned a level 3 spell: Mephitic Cloud
  2326 | D:3      | Noticed Robin
  2645 | D:3      | Killed Robin
  2767 | D:3      | Noticed a +0 dagger
  2767 | D:3      | Noticed a +0 hand axe
  2768 | D:3      | Found a hide-covered altar of Uskayaw.
  2838 | D:3      | Found a radiant altar of Vehumet.
  2842 | D:3      | Noticed a charred statue
  2923 | D:3      | Became a worshipper of Vehumet
  3006 | D:3      | Noticed Terence
  3022 | D:3      | Killed Terence
  3023 | D:3      | Reached XP level 5. HP: 32/40 MP: 0/9
  3527 | D:3      | Found a runed translucent door.
  3528 | D:3      | Noticed Crazy Yiuf
  3572 | D:3      | Found a glowing golden altar of the Shining One.
  3572 | D:3      | Found a shadowy altar of Dithmenos.
  3604 | D:3      | Found a basalt altar of Yredelemnul.
  3606 | D:3      | Found an ornate altar of the Wu Jian Council.
  3610 | D:3      | Found a burning altar of Makhleb.
  4430 | D:4      | Identified the +0 ring mail "Ceh Kafi" {rF+ Dex+2}
  4804 | D:5      | Entered Level 5 of the Dungeon
  5010 | D:5      | Found a staircase to the Ecumenical Temple.
  5027 | D:5      | Reached XP level 6. HP: 35/47 MP: 2/12
  5111 | D:5      | Noticed Duvessa
  5284 | D:5      | Noticed an ice beast
  5294 | D:5      | Reached skill level 5 in Alchemy
  5304 | D:5      | Killed an ice beast
  5534 | D:5      | Reached * piety under Vehumet
  5534 | D:5      | Offered knowledge of Foxfire by Vehumet.
  5571 | D:5      | Reached skill level 6 in Alchemy
  5571 | D:5      | Your scales start taking on a lurid green colour.
  5571 | D:5      | Reached skill level 7 in Alchemy
  5571 | D:5      | Reached XP level 7. HP: 30/55 MP: 3/13
  5571 | D:5      | Gained mutation: Your system is resistant to poisons.
                  | (rPois) [Green Draconian growth]
  5685 | D:4      | Learned a level 4 spell: Olgreb's Toxic Radiance
  5690 | D:4      | Learned a level 4 spell: Sticky Flame
  6031 | D:5      | Found an iron altar of Okawaru.
  6060 | D:5      | Noticed a two-headed ogre
  6346 | D:5      | Noticed Dowan
  6408 | D:5      | Killed Duvessa
  6411 | D:5      | Killed Dowan
  6412 | D:5      | Reached skill level 5 in Spellcasting
  6722 | D:5      | Reached skill level 1 in Fire Magic
  6722 | D:5      | Reached skill level 8 in Alchemy
  6777 | D:5      | Killed a two-headed ogre
  6778 | D:5      | Reached skill level 5 in Fire Magic
  6778 | D:5      | Reached XP level 8. HP: 45/61 MP: 9/16
  7149 | D:6      | Reached XP level 9. HP: 67/67 MP: 13/18
  7477 | D:6      | Reached ** piety under Vehumet
  7477 | D:6      | Offered knowledge of Shock by Vehumet.
  7972 | D:6      | Found a white marble altar of Elyvilon.
  8158 | D:7      | Found a stormy altar of Qazlal.
  8231 | D:7      | Reached skill level 5 in Fighting
  8416 | D:7      | Noticed Jeremiah
  8496 | D:7      | Killed Jeremiah
  8861 | D:7      | Reached skill level 9 in Alchemy
  8947 | D:7      | Noticed Menkaure
  8952 | D:7      | Killed Menkaure
  9173 | D:7      | Found Zedwunam's Armour Shop.
  9175 | D:7      | Found the +7 Kryia's mail coat {PotionHeal*2 rC+}
  9379 | D:7      | Found Guma's General Store.
  9737 | D:8      | Reached XP level 10. HP: 81/81 MP: 18/20
  9745 | D:8      | Noticed Gastronok
  9765 | D:8      | Killed Gastronok
  9766 | D:8      | Reached skill level 10 in Alchemy
  9766 | D:8      | Reached skill level 5 in Conjurations
  9766 | D:8      | Reached skill level 5 in Air Magic
  9938 | D:8      | Found an ancient bone altar of Kikubaaqudgha.
 10081 | D:8      | Found a flagged portal.
 10089 | Bailey   | Entered a bailey
 10375 | Bailey   | Offered knowledge of Dazzling Flash by Vehumet.
 10375 | Bailey   | Noticed an orc knight
 10416 | Bailey   | Killed an orc knight
 10589 | Bailey   | Noticed an orc warlord
 10610 | Bailey   | Reached *** piety under Vehumet
 10623 | Bailey   | Reached skill level 11 in Alchemy
 10624 | Bailey   | Killed an orc warlord
 10749 | Bailey   | Offered knowledge of Iskenderun's Mystic Blast by Vehumet.
 10750 | Bailey   | Reached skill level 12 in Alchemy
 10784 | Bailey   | Noticed an orc knight
 10804 | Bailey   | Killed an orc knight
 10805 | Bailey   | Reached XP level 11. HP: 85/89 MP: 9/22
 10855 | Bailey   | Noticed an orc knight
 10870 | Bailey   | Killed an orc knight
 11197 | Bailey   | Learned a level 4 spell: Iskenderun's Mystic Blast
 11794 | D:9      | Reached skill level 1 in Translocations
 11838 | D:9      | Reached **** piety under Vehumet
 11935 | D:9      | Found a staircase to the Lair.
 12369 | D:9      | Noticed a sixfirhy
 12596 | D:9      | Reached XP level 12. HP: 16/110 MP: 24/24
 13119 | D:9      | Found a shimmering blue altar of Sif Muna.
 13123 | D:9      | Found a bloodstained altar of Trog.
 13152 | D:9      | Found Wieluer's Armour Shoppe.
 13741 | D:10     | Entered Level 10 of the Dungeon
 13793 | D:10     | Offered knowledge of Airstrike by Vehumet.
 13794 | D:10     | Reached skill level 5 in Translocations
 13797 | D:10     | Reached skill level 1 in Shields
 14025 | D:10     | Found a staircase to the Orcish Mines.
 14045 | D:10     | Noticed a death yak
 14057 | D:10     | Killed a death yak
 14969 | D:10     | Learned a level 5 spell: Alistair's Intoxication
 15008 | D:11     | Reached skill level 5 in Shields
 15226 | D:7      | Bought the +5 Storm Queen's Shield {shock, Fly rElec} for
                  | 547 gold pieces
 15226 | D:7      | Found the +5 Storm Queen's Shield {shock, Fly rElec}
 15701 | D:3      | Killed Crazy Yiuf
 15978 | D:11     | Noticed a two-headed ogre
 15999 | D:10     | Killed a two-headed ogre
 16177 | D:11     | Noticed Lodul
 16190 | D:11     | Killed Lodul
 16362 | D:11     | Reached ***** piety under Vehumet
 16362 | D:11     | Offered knowledge of Lee's Rapid Deconstruction by Vehumet.
 16629 | D:11     | Found Zipluump's Antique Weapon Shop.
 16682 | D:11     | Reached XP level 13. HP: 80/116 MP: 22/25
 16914 | D:11     | Found a glowing silver altar of Zin.
 16951 | D:11     | Noticed Fannar
 16963 | D:11     | Killed Fannar
 17064 | Lair:1   | Entered Level 1 of the Lair of Beasts
 17319 | Lair:1   | Reached skill level 10 in Shields
 19091 | Lair:2   | Found a runed translucent gate.
 19092 | Lair:2   | Found a runed translucent gate.
 19093 | Lair:2   | Found a runed translucent gate.
 19235 | Lair:2   | Noticed a minotaur
 19244 | Lair:2   | Found a frozen archway.
 19280 | IceCv    | Entered an ice cave
 19388 | IceCv    | Offered knowledge of Eringya's Noxious Bog by Vehumet.
 19497 | IceCv    | Learned a level 6 spell: Eringya's Noxious Bog
 19645 | IceCv    | Identified the +9 giant spiked club of Pandemonium {heavy,
                  | Str+8}
 20356 | IceCv    | Noticed a reaper
 20625 | IceCv    | Killed a reaper
 20794 | IceCv    | Gained mutation: Your tail ends in a venomous barb. [Green
                  | Draconian growth]
 20794 | IceCv    | Reached XP level 14. HP: 126/126 MP: 22/26
 20869 | IceCv    | Identified the ring "Docoge" {rElec rF+ Str+6}
 20880 | IceCv    | Got the Parchment of the Union
 21075 | Lair:2   | Noticed Peloso's ghost (journeyman MiFi)
 21091 | Lair:2   | Reached skill level 13 in Alchemy
 21772 | Lair:3   | Offered knowledge of Orb of Destruction by Vehumet.
 21902 | Lair:3   | Found a dark tunnel.
 21963 | Volcano  | Entered a volcano
 22137 | Volcano  | Reached skill level 14 in Alchemy
 22146 | Volcano  | Found a burning altar of Makhleb.
 22615 | Volcano  | Identified the granite talisman of Lylihong {rC+++ Str-4
                  | Slay-2 SInv}
 22821 | Lair:3   | Reached skill level 15 in Alchemy
 22875 | Lair:3   | Found a staircase to the Swamp.
 23022 | Lair:3   | Reached skill level 10 in Spellcasting
 23157 | Lair:3   | Found a staircase to the Snake Pit.
 23781 | Lair:4   | Offered knowledge of Plasma Beam by Vehumet.
 24035 | Lair:4   | Reached XP level 15. HP: 130/138 MP: 29/29
 24401 | Lair:5   | Entered Level 5 of the Lair of Beasts
 25397 | Lair:5   | Learned a level 6 spell: Plasma Beam
 25472 | Lair:5   | Found a viscous altar of Jiyva.
 25472 | Lair:5   | Found a staircase to the Slime Pits.
 26533 | Lair:5   | Found a viscous altar of Jiyva.
 26535 | Lair:5   | Found a staircase to the Slime Pits.
 27090 | Lair:5   | Offered knowledge of Starburst by Vehumet.
 27294 | Lair:5   | Identified a scroll of acquirement
 27419 | Lair:5   | Identified the +1 leather armour of Starshine {rC++ rN+}
 28061 | D:12     | Noticed Snorg
 28069 | D:12     | Killed Snorg
 28456 | D:12     | Noticed Sonja
 28476 | D:12     | Killed Sonja
 28594 | D:12     | Noticed Maurice
 28606 | D:12     | Killed Maurice
 28784 | Orc:1    | Entered Level 1 of the Orcish Mines
 29194 | Orc:1    | You are sucked into a shaft and drop 1 floor!
 29194 | Orc:2    | Entered Level 2 of the Orcish Mines
 29477 | Orc:2    | Found Peikaex's General Store.
 29942 | Orc:2    | Found Wiazaoz's Antique Weapon Boutique.
 30016 | Orc:2    | Offered knowledge of Iskenderun's Battlesphere by Vehumet.
 30574 | Orc:2    | Found a staircase to the Elven Halls.
 30682 | Orc:2    | Noticed Azrael
 31057 | Orc:1    | Killed from afar by Azrael

Illustrated notes

Levels and vault maps discovered:
D:1:      eino_arrival_druids_welcome, layout_basic
D:2:      layout_loops_ring, basic_altar, minmay_fractal_squares_5
D:3:      layout_rooms, vehumet_statue, chequers_temple_overflow_minitemple,
          dancing_weapons_uskayaw, chequers_serial_rivers_room_b,
          minmay_lizard_king, uniq_robin, uniq_crazy_yiuf_cottage, uniq_terence
D:4:      layout_gridville, minmay_misc_feat_rows
D:5:      minmay_clustersquares, layout_basic, okawaru_trees_1,
          minmay_temple_entry_arrows, serial_library_regret_index_double_sided,
          uniq_duvessa
D:6:      layout_cave_pools, lemuel_tele_altar
D:7:      layout_basic, mainiacjoe_overflow_24_doors, serial_shops, shop, shop,
          minmay_misc_feat_roman, uniq_menkaure, uniq_jeremiah
D:8:      layout_basic, lemuel_doored_altar, enter_bailey_5, feat_on_display,
          uniq_gastronok
D:9:      minmay_weird_star, layout_layer_cave,
          hellmonk_overflow_destroyed_library, minmay_lair_entry_grove,
          serial_shops, shop, kennysheep_crisscross
D:10:     layout_basic, minmay_orc_entry_temple_small, serial_ice, serial_ice_n,
          serial_ice_o, serial_ice_k, serial_ice_g
D:11:     layout_rooms, serial_shops, nicolae_shop_tiny_glass, zin_treasury,
          uniq_lodul, uniq_fannar
D:12:     layout_roguey, uniq_maurice, uniq_sonja, uniq_snorg
Lair:1:   regret_index_malice_mire, layout_cave_pods
Lair:2:   layout_roguey, portal_ice_cave_demonic_guard,
          maelrawn_ghost_gauntlet_escape, infiniplex_staircase_pool_2,
          grunt_megastairs_2
Lair:3:   layout_chaotic_city, alex1729_swamp_entry_worm_eleionoma,
          guppyfry_snake_entry_island, nicolae_volcano_entry_batcave,
          serial_bayou_shore_a, grunt_megastairs_1, lemuel_fruit_fields
Lair:4:   layout_loops_ring
Lair:5:   due_jungle_book, layout_loops_ring, minmay_slime_entry_jelly_boxes
Orc:1:    layout_diamond_mine
Orc:2:    grunt_orc_gardens, layout_caves, grunt_orc_garden, grunt_orc_garden,
          grunt_orc_garden, grunt_orc_garden, uniq_azrael

Skill      XL: |  1  2  3  4  5  6  7  8  9 10 11 12 13 14 15 |
---------------+----------------------------------------------+-----
Spellcasting   | 3 4 5 6 7 8 10 12 | 12.0
Air Magic      | 1 2 3 4 5 8 |  8.4
Alchemy        | 4 7 8 9 12 15 | 15.0
Fighting       | 1 2 5 6 11 12 14 | 14.0
Conjurations   | 2 3 4 5 |  5.0
Fire Magic     | 5 6 9 |  9.0
Dodging        | 2 4 |  4.0
Stealth        | 2 |  2.0
Translocations | 4 5 |  5.0
Shields        | 8 12 13 | 13.0

Action                     |  1- 3 |  4- 6 |  7- 9 | 10-12 | 13-15 || total
---------------------------+-------+-------+-------+-------+-------++-------
  Melee: Unarmed           |     5 |       |       |       |       ||     5
         Short sword       |    32 |    27 |       |       |       ||    59
         Punch             |     2 |     1 |     2 |     2 |       ||     7
         Dagger            |       |   123 |   182 |   263 |   567 ||  1135
         Tailslap          |       |    13 |    32 |    54 |   143 ||   242
         Demon trident     |       |       |       |       |     5 ||     5
   Cast: Sting             |    62 |    80 |    19 |       |       ||   161
         Mercury Vapours   |     6 |    26 |    10 |     1 |       ||    43
         Mephitic Cloud    |       |       |    12 |    16 |    12 ||    40
         Sticky Flame      |       |       |    28 |    49 |   196 ||   273
         Olgreb's Toxic Ra |       |       |     7 |    64 |   128 ||   199
         Alistair's Intoxi |       |       |       |     1 |     1 ||     2
         Eringya's Noxious |       |       |       |       |    30 ||    30
         Iskenderun's Myst |       |       |       |       |     7 ||     7
         Plasma Beam       |       |       |       |       |     5 ||     5
  Evoke: Wand              |       |       |       |     1 |     1 ||     2
    Use: Scroll            |       |       |     9 |     6 |    13 ||    28
         Potion            |       |       |       |     4 |     2 ||     6
   Stab: Sleeping          |       |     3 |       |     1 |     5 ||     9
         Confused          |       |       |     8 |     4 |     3 ||    15
         Petrified         |       |       |       |       |     5 ||     5
         Paralysed         |       |       |       |       |     3 ||     3
 Armour: Skin              |    16 |   123 |   129 |   190 |   387 ||   845
  Dodge: Dodged            |    37 |   115 |   125 |   151 |   255 ||   683
  Block: Kite shield       |       |       |       |    58 |   648 ||   706
